[Event "December 19 Early 2023"]
[Site "https://www.chess.com"]
[Date "2023.12.19"]
[Round "3"]
[White "Perossa, Nicolas"]
[Black "Wadsworth, Matthew J"]
[Result "0-1"]
[Board "109"]
[TimeControl "180+1"]
[WhiteFideId "2850520"]
[BlackFideId "415804"]
[WhiteElo "1934"]
[BlackElo "2266"]
[WhiteTeam "ITA"]
[BlackTeam "ENG"]
[WhiteClock "0:00:02"]
[BlackClock "0:00:07"]

1. e4 c5 2. d3 Nc6 3. Nd2 g6 4. g3 Bg7 5. Bg2 d6 6. Ne2 e5 7. O-O Nge7 8. c3 O-O 9. Nc4 b5 10. Ne3 Be6 11. a4 a6 12. Nd5 Rb8 13. Be3 b4 14. d4 bxc3 15. bxc3 exd4 16. cxd4 Bxd5 17. exd5 Nxd4 18. Nxd4 cxd4 19. Bxd4 Rb4 20. Bxg7 Kxg7 21. Qd3 a5 22. Rfc1 Nf5 23. Rc4 Qf6 24. Rac1 Rfb8 25. Bh3 Nd4 26. Kg2 Qe5 27. Bg4 Qxd5+ 28. Bf3 Qxf3+ 29. Qxf3 Nxf3 30. Kxf3 d5 31. Rxb4 Rxb4 32. Rc5 Rxa4 33. Rxd5 h5 34. Rd6 Rb4 35. Ra6 a4 36. h4 Rc4 37. Ke3 Rb4 38. Kf3 Rb3+ 39. Kg2 a3 40. Kg1 Rc3 41. Kg2 Kf8 42. Kg1 Ke7 43. Kg2 Rd3 44. Ra7+ Ke6 45. Ra6+ Kd5 46. Ra7 Kc4 47. Rxf7 a2 48. Ra7 Kb3 49. f3 Kb2 50. Rb7+ Rb3 51. Ra7 Ra3 52. Rb7+ Kc1 53. Rc7+ Kd2 54. Rd7+ Ke3 55. Re7+ Kd4 56. Rd7+ Ke5 57. Rd1 a1=Q 58. Rxa1 Rxa1 59. g4 Ra2+ 60. Kg3 hxg4 61. fxg4 Ra3+ 0-1

[Event "December 19 Early 2023"]
[Site "https://www.chess.com"]
[Date "2023.12.19"]
[Round "3"]
[White "Gubajdullin, Alexei"]
[Black "Serban, Cristian-Stefan"]
[Result "1-0"]
[Board "110"]
[TimeControl "180+1"]
[WhiteFideId "4141202"]
[BlackFideId "1241443"]
[WhiteElo "2274"]
[BlackElo "2040"]
[WhiteTeam "RUS"]
[BlackTeam "ROU"]
[WhiteClock "0:00:47"]
[BlackClock "0:00:03"]

1. e4 e5 2. Nf3 Nc6 3. Bb5 Nf6 4. d3 Bc5 5. O-O d6 6. c3 O-O 7. h3 a6 8. Ba4 b5 9. Bc2 Ne7 10. a4 Bb7 11. Re1 Ng6 12. d4 Bb6 13. Na3 Qd7 14. Bd3 b4 15. Nc2 bxc3 16. bxc3 a5 17. Bb5 Bc6 18. Bxc6 Qxc6 19. Qd3 Nh5 20. g3 Rfe8 21. Kg2 h6 22. d5 Qd7 23. Be3 Bxe3 24. fxe3 Nf6 25. Na3 h5 26. Nb5 h4 27. gxh4 Nh5 28. Kh2 Qe7 29. Rg1 Rec8 30. Rg4 Nf6 31. Rg5 Nh7 32. Rg4 Nf6 33. Rg2 Nh5 34. Rag1 Nxh4 35. Nxh4 Qxh4 36. Rg4 Qe7 37. Rg5 Nf6 38. Rxg7+ Kh8 39. Qf1 Rg8 40. Qg2 Nh5 41. Rxg8+ Rxg8 42. Qxg8# 1-0

[Event "December 19 Early 2023"]
[Site "https://www.chess.com"]
[Date "2023.12.19"]
[Round "3"]
[White "Liu, Casper"]
[Black "Espinoza Villanueva, Rodrigo"]
[Result "0-1"]
[Board "111"]
[TimeControl "180+1"]
[WhiteFideId "1454153"]
[BlackFideId "5140188"]
[WhiteElo "2221"]
[BlackElo "1907"]
[WhiteTeam "DEN"]
[BlackTeam "MEX"]
[WhiteClock "0:00:00"]
[BlackClock "0:00:31"]

1. f4 d5 2. Nf3 c5 3. e3 g6 4. g3 Bg7 5. Bg2 Nc6 6. O-O Nh6 7. d3 O-O 8. Nc3 d4 9. Ne4 Nf5 10. exd4 cxd4 11. g4 Ne3 12. Bxe3 dxe3 13. h3 Bxb2 14. Rb1 Bg7 15. Qe1 Nd4 16. Nxd4 Bxd4 17. Kh1 Be6 18. c3 Bb6 19. f5 Bd5 20. d4 Bxa2 21. Qh4 Kg7 22. g5 Bxb1 23. Qh6+ Kh8 24. Rf4 e2 25. f6 e1=Q+ 26. Kh2 Rg8 0-1

[Event "December 19 Early 2023"]
[Site "https://www.chess.com"]
[Date "2023.12.19"]
[Round "3"]
[White "Yeritsyan, Hayk"]
[Black "Bowden, Karl"]
[Result "1-0"]
[Board "112"]
[TimeControl "180+1"]
[WhiteFideId "13307320"]
[BlackFideId "400548"]
[WhiteElo "2130"]
[BlackElo "2441"]
[WhiteTeam "ARM"]
[BlackTeam "ENG"]
[WhiteClock "0:00:52"]
[BlackClock "0:00:02"]

1. d4 Nf6 2. Nc3 g6 3. e4 d5 4. e5 Ne4 5. Bd3 Nxc3 6. bxc3 c5 7. f4 e6 8. Nf3 b6 9. Bb5+ Bd7 10. a4 Bxb5 11. axb5 a5 12. bxa6 Rxa6 13. Rxa6 Nxa6 14. O-O Bg7 15. Qe2 Nc7 16. Ba3 O-O 17. dxc5 Qa8 18. Bb4 Qc6 19. cxb6 Qxb6+ 20. Qf2 Rb8 21. Qxb6 Rxb6 22. Ra1 Ra6 23. Rxa6 Nxa6 24. Kf2 Bf8 25. Bxf8 Kxf8 26. Nd2 Ke7 27. Ke3 Kd7 28. c4 Kc6 29. cxd5+ Kxd5 30. c4+ Kc5 31. Ne4+ Kxc4 32. Nd6+ Kd5 33. Nxf7 Nb4 34. Ng5 h6 35. Nf7 Nc2+ 36. Kf2 Ke4 37. g3 g5 38. Nd6+ Kd5 39. Kf3 gxf4 40. gxf4 Ne1+ 41. Kg4 Nd3 42. h4 Nf2+ 43. Kf3 Nd3 44. Ne8 Nc5 45. Nf6+ Kd4 46. Ng4 h5 47. Nf6 Nd3 48. Nxh5 Ne1+ 49. Kg4 Ke4 50. Ng3+ 1-0

[Event "December 19 Early 2023"]
[Site "https://www.chess.com"]
[Date "2023.12.19"]
[Round "3"]
[White "Uritsky, Yonathan"]
[Black "Karttunen, Mika"]
[Result "0-1"]
[Board "113"]
[TimeControl "180+1"]
[WhiteFideId "2825651"]
[BlackFideId "502081"]
[WhiteElo "2168"]
[BlackElo "2396"]
[WhiteTeam "ISR"]
[BlackTeam "FIN"]
[WhiteClock "0:00:01"]
[BlackClock "0:00:19"]

1. Nf3 Nf6 2. g3 g6 3. Bg2 Bg7 4. O-O O-O 5. c4 d6 6. Nc3 Nc6 7. Rb1 a5 8. a3 Bf5 9. d3 e5 10. b4 axb4 11. axb4 Qd7 12. b5 Nd8 13. Ng5 h6 14. Nge4 Ne8 15. Nd5 Kh7 16. Bd2 Bh3 17. Bxh6 Bxg2 18. Bxg7 Kxg7 19. Kxg2 f5 20. Ng5 f4 21. Ra1 Rxa1 22. Qxa1 Nf6 23. Nxf6 Rxf6 24. Ne4 Rf8 25. d4 Rh8 26. h4 Qf5 27. f3 fxg3 28. Nxg3 Qf4 29. dxe5 dxe5 30. Rd1 Nf7 31. h5 gxh5 32. Rd7 h4 33. Ne4 h3+ 34. Kh1 h2 35. Qf1 Rh6 36. Qg2+ Rg6 37. Qxh2 Qc1+ 0-1

[Event "December 19 Early 2023"]
[Site "https://www.chess.com"]
[Date "2023.12.19"]
[Round "3"]
[White "Zeneli, Klendi"]
[Black "Kononenko, Dmitry"]
[Result "0-1"]
[Board "114"]
[TimeControl "180+1"]
[WhiteFideId "4706609"]
[BlackFideId "14113538"]
[WhiteElo "1974"]
[BlackElo "2168"]
[WhiteTeam "ALB"]
[BlackTeam "UKR"]
[WhiteClock "0:00:02"]
[BlackClock "0:00:33"]

1. e4 d5 2. exd5 Qxd5 3. Nc3 Qa5 4. Nf3 Nf6 5. d4 Bg4 6. Bd2 c6 7. Bc4 Qc7 8. h3 Bh5 9. O-O e6 10. Re1 Be7 11. g4 Bg6 12. Ne5 Nbd7 13. Nxg6 hxg6 14. Qf3 Nb6 15. Bd3 O-O-O 16. a4 Rxd4 17. a5 Nbd5 18. Nxd5 Nxd5 19. Qxf7 Rxh3 20. Qe8+ Bd8 21. Qxe6+ Kb8 22. Re5 a6 23. Kg2 Rh4 24. f3 Bf6 25. Rae1 Bxe5 26. Rxe5 Rh8 27. Bg5 Ka8 28. Bxg6 Rd1 29. c3 Rdh1 30. Kf2 R1h2+ 31. Kg3 R8h3# 0-1

[Event "December 19 Early 2023"]
[Site "https://www.chess.com"]
[Date "2023.12.19"]
[Round "3"]
[White "Domingo Nunez, Alejandro"]
[Black "Gutierrez Olivares, Daniel"]
[Result "1-0"]
[Board "115"]
[TimeControl "180+1"]
[WhiteFideId "22245561"]
[BlackFideId "2264005"]
[WhiteElo "2252"]
[BlackElo "2317"]
[WhiteTeam "ESP"]
[BlackTeam "ESP"]
[WhiteClock "0:00:38"]
[BlackClock "0:00:00"]

1. e4 e6 2. Nf3 d5 3. Nc3 Nf6 4. e5 Nfd7 5. d4 c5 6. dxc5 Nc6 7. Bf4 Nxc5 8. Bd3 Be7 9. h4 Bd7 10. h5 h6 11. Rh3 Qb6 12. Rb1 Nb4 13. Kf1 Nbxd3 14. cxd3 Qa6 15. Nd4 O-O-O 16. Kg1 Kb8 17. Rg3 Rdg8 18. Nxd5 exd5 19. e6+ Bd6 20. Bxd6+ Qxd6 21. exd7 Qxd7 22. Qf3 Ne6 23. Qf5 Rd8 24. Nxe6 fxe6 25. Qe5+ Qd6 26. Re1 Rhe8 27. Rxg7 Qxe5 28. Rxe5 Rd6 29. f4 Rb6 30. b3 Ra6 31. f5 Rxa2 32. f6 Rf8 33. f7 Ra1+ 34. Kf2 Ra2+ 35. Kg3 Kc7 36. Rxe6 Kd7 37. Rxh6 Rd2 38. Rh8 Rxh8 39. f8=Q+ Kc6 40. Qxh8 1-0

[Event "December 19 Early 2023"]
[Site "https://www.chess.com"]
[Date "2023.12.19"]
[Round "3"]
[White "Kovacsy, Barnabas"]
[Black "Graca, Robert"]
[Result "1/2-1/2"]
[Board "116"]
[TimeControl "180+1"]
[WhiteFideId "769290"]
[BlackFideId "644943"]
[WhiteElo "2130"]
[BlackElo "2204"]
[WhiteTeam "HUN"]
[BlackTeam "FRA"]
[WhiteClock "0:00:17"]
[BlackClock "0:00:06"]

1. e4 c5 2. Nf3 d6 3. d4 cxd4 4. Nxd4 Nf6 5. f3 g6 6. c4 Bg7 7. Nc3 Nc6 8. Be3 Nxd4 9. Bxd4 Be6 10. Rc1 O-O 11. Be2 Qa5 12. O-O Rfc8 13. b3 a6 14. Na4 Nd7 15. Bxg7 Kxg7 16. Qd4+ Kg8 17. f4 b5 18. cxb5 axb5 19. Nc3 b4 20. Na4 Nc5 21. f5 Bd7 22. fxg6 hxg6 23. Nxc5 Rxc5 24. Bc4 Be8 25. Qf2 e6 26. Qf6 Re5 27. Rf3 Qb6+ 28. Kh1 Qd8 29. Qf4 Rxa2 30. Rd1 Qg5 31. Qxg5 Rxg5 32. Rxd6 Raxg2 33. h4 Rg1+ 34. Kh2 R5g2+ 35. Kh3 Kg7 36. Rb6 Rb2 37. Rb7 Rh1+ 38. Kg3 Rg1+ 39. Kh3 Kf8 40. Bxe6 Rh1+ 41. Kg3 Rg1+ 42. Kh3 Rh1+ 43. Kg3 Rg1+ 44. Kh3 1/2-1/2

[Event "December 19 Early 2023"]
[Site "https://www.chess.com"]
[Date "2023.12.19"]
[Round "3"]
[White "Boyer, Mahel"]
[Black "Sahin, Sarp"]
[Result "1-0"]
[Board "117"]
[TimeControl "180+1"]
[WhiteFideId "45102422"]
[BlackFideId "51605066"]
[WhiteElo "2449"]
[BlackElo "1775"]
[WhiteTeam "FRA"]
[BlackTeam "TUR"]
[WhiteClock "0:00:49"]
[BlackClock "0:00:00"]

1. e4 c5 2. d3 e6 3. g3 Nc6 4. Bg2 Nf6 5. e5 Nxe5 6. Qe2 Nc6 7. Nf3 Be7 8. O-O O-O 9. c4 d6 10. Nc3 e5 11. h3 Be6 12. Ng5 Bf5 13. Be3 h6 14. Nge4 Nxe4 15. dxe4 Be6 16. Nd5 Nd4 17. Bxd4 cxd4 18. b3 Rc8 19. a4 a5 20. Rad1 f5 21. f4 fxe4 22. Qxe4 Bf5 23. Nxe7+ Qxe7 24. Qxb7 Qxb7 25. Bxb7 Rb8 26. Bd5+ Kh8 27. g4 Bc2 28. Rd2 Bxb3 29. fxe5 Rxf1+ 30. Kxf1 dxe5 31. Ke2 Rb4 32. Kd3 Rxa4 33. Rb2 Ra3 34. Ke4 a4 35. Kxe5 d3 36. Rd2 Bc2 37. c5 Rc3 38. Kd4 Ra3 39. c6 Ra1 40. c7 1-0

[Event "December 19 Early 2023"]
[Site "https://www.chess.com"]
[Date "2023.12.19"]
[Round "3"]
[White "Burmakin, Evgeniy"]
[Black "Omelja, Artem"]
[Result "0-1"]
[Board "118"]
[TimeControl "180+1"]
[WhiteFideId "4163729"]
[BlackFideId "14119846"]
[WhiteElo "2106"]
[BlackElo "2404"]
[WhiteTeam "RUS"]
[BlackTeam "UKR"]
[WhiteClock "0:00:09"]
[BlackClock "0:00:17"]

1. e4 c5 2. Nc3 Nc6 3. Bb5 Nd4 4. Bc4 e6 5. Nge2 Ne7 6. O-O Nec6 7. d3 Be7 8. Be3 O-O 9. Qd2 a6 10. a4 b6 11. Nd1 Bb7 12. c3 Nxe2+ 13. Qxe2 d5 14. Ba2 Re8 15. f3 Bf6 16. Nf2 d4 17. Bd2 Qd7 18. f4 Rad8 19. Rad1 g6 20. Qf3 Bg7 21. g4 dxc3 22. bxc3 Na5 23. f5 Qxa4 24. Ra1 Qd7 25. Nh3 Qxd3 26. fxe6 fxe6 27. Qf7+ Kh8 28. Ng5 Qxd2 29. Nxe6 Qe3+ 30. Rf2 Rxe6 31. Qxe6 Qxe4 32. Qxe4 Bxe4 33. Rd1 Rxd1+ 0-1

[Event "December 19 Early 2023"]
[Site "https://www.chess.com"]
[Date "2023.12.19"]
[Round "3"]
[White "Ambartsumova, Karina"]
[Black "Lopusiewicz, Piotr"]
[Result "0-1"]
[Board "119"]
[TimeControl "180+1"]
[WhiteFideId "4166299"]
[BlackFideId "1116029"]
[WhiteElo "2240"]
[BlackElo "2286"]
[WhiteTeam "RUS"]
[BlackTeam "POL"]
[WhiteClock "0:00:00"]
[BlackClock "0:00:19"]

1. d4 Nf6 2. c4 e6 3. Nc3 d5 4. cxd5 exd5 5. Bg5 Be7 6. e3 h6 7. Bh4 O-O 8. Bd3 c6 9. h3 Nbd7 10. Nf3 Re8 11. Qc2 Ne4 12. Bxe7 Qxe7 13. Bxe4 dxe4 14. Nd2 Nf6 15. a3 Bf5 16. O-O Rad8 17. b4 Qd7 18. Ne2 Bxh3 19. gxh3 Qxh3 20. Nf4 Qg4+ 21. Ng2 Nd5 22. Qd1 Qh3 23. Re1 Rd6 24. Nf1 Rg6 25. Ng3 Ree6 26. Qe2 Rg5 27. Nf4 Nxf4 28. exf4 Rg4 29. Qf1 Qh4 30. Re3 Rxf4 31. Qg2 f5 32. Rd1 Rg4 33. d5 Rd6 34. Kf1 f4 35. Rxe4 fxg3 36. Rxg4 Qxg4 37. f3 Qf4 38. Re1 Rxd5 39. Re8+ Kf7 0-1

[Event "December 19 Early 2023"]
[Site "https://www.chess.com"]
[Date "2023.12.19"]
[Round "3"]
[White "Jaque Gutierrez, Matias"]
[Black "Tokhirjonova, Gulrukhbegim"]
[Result "0-1"]
[Board "120"]
[TimeControl "180+1"]
[WhiteFideId "3426980"]
[BlackFideId "14203626"]
[WhiteElo "2040"]
[BlackElo "2265"]
[WhiteTeam "CHI"]
[BlackTeam "USA"]
[WhiteClock "0:00:00"]
[BlackClock "0:00:47"]

1. Nf3 d5 2. d4 Nf6 3. c4 c6 4. g3 g6 5. Bg2 Bg7 6. O-O O-O 7. b3 dxc4 8. bxc4 Na6 9. Bb2 Ne4 10. Nc3 Bf5 11. Nh4 Nxc3 12. Bxc3 Be6 13. Qa4 Qc7 14. Nf3 Rfd8 15. Ba5 b6 16. Bc3 Nc5 17. Qa3 Nb7 18. d5 Bxc3 19. dxe6 Bxa1 20. exf7+ Kxf7 21. Ng5+ Kg8 22. Rxa1 Qd6 23. Qf3 Qf6 24. Qxf6 exf6 25. Bxc6 fxg5 26. Bxb7 Rab8 27. Bd5+ Kg7 28. e4 Rbc8 29. Rc1 Kf6 30. Rc3 g4 31. Kg2 h5 32. Ra3 Rc7 33. h3 Re7 0-1

[Event "December 19 Early 2023"]
[Site "https://www.chess.com"]
[Date "2023.12.19"]
[Round "3"]
[White "Nasir, Zehn"]
[Black "Ovezdurdyyeva, Jemal"]
[Result "1-0"]
[Board "121"]
[TimeControl "180+1"]
[WhiteFideId "2613239"]
[BlackFideId "14001888"]
[WhiteElo "2004"]
[BlackElo "2086"]
[WhiteTeam "CAN"]
[BlackTeam "TKM"]
[WhiteClock "0:00:15"]
[BlackClock "0:00:44"]

1. d4 Nf6 2. Bf4 e6 3. e3 b6 4. Nf3 Bb7 5. Bd3 Be7 6. Nbd2 O-O 7. O-O c5 8. h3 d5 9. c3 Nbd7 10. Ne5 Nxe5 11. dxe5 Nd7 12. Qh5 g6 13. Qh6 Qe8 14. Nf3 f6 15. Rad1 fxe5 16. Nxe5 Nxe5 17. Bxe5 Bf6 18. Bxf6 Rxf6 19. h4 Qf7 20. f4 Rf8 21. Qg5 Kh8 22. Rf2 d4 23. exd4 cxd4 24. cxd4 Rxf4 25. Qe5+ Kg8 26. Rxf4 Qxf4 27. Qxe6+ Kg7 28. Qe5+ Qxe5 29. dxe5 Rd8 30. Rc1 Kf7 31. Bc4+ Bd5 32. Bxd5+ Rxd5 33. Rc7+ Ke6 34. Rxa7 h5 35. Rg7 Kf5 36. e6 Re5 37. e7 Kf6 38. Rh7 g5 39. Rxh5 Rxe7 40. Rxg5 Re1+ 41. Kh2 1-0

[Event "December 19 Early 2023"]
[Site "https://www.chess.com"]
[Date "2023.12.19"]
[Round "3"]
[White "Melikhov, Evgeny V."]
[Black "Skatchkov, Valery"]
[Result "1-0"]
[Board "122"]
[TimeControl "180+1"]
[WhiteFideId "4122046"]
[BlackFideId "24195812"]
[WhiteElo "2165"]
[BlackElo "2320"]
[WhiteTeam "GRE"]
[BlackTeam "RUS"]
[WhiteClock "0:00:09"]
[BlackClock "0:00:32"]

1. d4 Nf6 2. c4 e6 3. Nc3 d5 4. cxd5 exd5 5. Bg5 Bb4 6. e3 h6 7. Bh4 g5 8. Bg3 Ne4 9. Rc1 h5 10. f3 Nxg3 11. hxg3 c6 12. Bd3 Be6 13. Ne2 Nd7 14. g4 Nf6 15. gxh5 Rxh5 16. Rxh5 Nxh5 17. g4 Nf6 18. Ng3 Qd6 19. Kf2 Bxc3 20. bxc3 O-O-O 21. Qc2 Rh8 22. Kg2 Bxg4 23. fxg4 Nxg4 24. Bf5+ Kb8 25. Bxg4 Rh4 26. Qf5 a6 27. Rh1 Qa3 28. Qxg5 Rxh1 29. Nxh1 Qxc3 30. Nf2 Ka7 31. Qe7 Qd2 32. Bc8 Qb2 33. Qxf7 a5 34. a4 Kb8 35. Qe8 Qb4 36. Bf5+ Ka7 37. Nd3 Qxa4 38. Nc5 Qa2+ 39. Kf3 Qh2 40. Qf7 Qh1+ 41. Kf4 Qh6+ 42. Kf3 Qh1+ 43. Ke2 Qg2+ 44. Kd3 Qf1+ 45. Kc3 Qc4+ 46. Kd2 Qb4+ 47. Ke2 a4 48. Bc8 Qb5+ 49. Kf2 Kb6 50. Qxb7+ Ka5 51. Qxb5+ cxb5 52. Be6 b4 53. Bxd5 Kb5 54. e4 Kb6 55. Ke3 a3 56. Nb3 Kc7 57. Bc4 Kd6 58. d5 1-0

[Event "December 19 Early 2023"]
[Site "https://www.chess.com"]
[Date "2023.12.19"]
[Round "3"]
[White "Lund, Gunnar"]
[Black "Nilsson, Joakim"]
[Result "0-1"]
[Board "123"]
[TimeControl "180+1"]
[WhiteFideId "1520814"]
[BlackFideId "1723383"]
[WhiteElo "2233"]
[BlackElo "2143"]
[WhiteTeam "NOR"]
[BlackTeam "SWE"]
[WhiteClock "0:00:46"]
[BlackClock "0:00:45"]

1. d4 Nf6 2. c4 e6 3. g3 Bb4+ 4. Bd2 c5 5. Bg2 O-O 6. Bxb4 cxb4 7. Nf3 d6 8. O-O Nc6 9. Nbd2 e5 10. d5 Nb8 11. Ne1 a5 12. a3 bxa3 13. Rxa3 Na6 14. Nd3 Nd7 15. Ne4 Qc7 16. b3 Ndc5 17. Ndxc5 Nxc5 18. Nc3 Bd7 19. Qd2 h6 20. e4 Qb6 21. Qc2 f5 22. Bh3 f4 23. Bxd7 Nxd7 24. Nb5 fxg3 25. hxg3 Rf3 26. Kg2 Raf8 27. Qa2 Nc5 28. Qc2 Nd3 29. Ra2 Rxf2+ 30. Rxf2 Rxf2+ 31. Qxf2 Nxf2 32. Rxf2 h5 33. Rf3 Qc5 34. Rf5 Qe3 35. Nxd6 Qxb3 36. Kh3 a4 37. Rxe5 Qd1 38. Re8+ Kh7 39. Ra8 Qh1# 0-1

[Event "December 19 Early 2023"]
[Site "https://www.chess.com"]
[Date "2023.12.19"]
[Round "3"]
[White "Golubev, Mikhail"]
[Black "Figorito, Nick"]
[Result "1-0"]
[Board "124"]
[TimeControl "180+1"]
[WhiteFideId "14100983"]
[BlackFideId "30923689"]
[WhiteElo "2352"]
[BlackElo "2420"]
[WhiteTeam "UKR"]
[BlackTeam "USA"]
[WhiteClock "0:01:20"]
[BlackClock "0:00:46"]

1. e4 a6 2. a4 e6 3. Nf3 d5 4. exd5 exd5 5. d4 Bd6 6. Bd3 Ne7 7. O-O O-O 8. h3 Bf5 9. Bxf5 Nxf5 10. Qd3 Qd7 11. Nc3 c6 12. a5 h6 13. Na4 Qe6 14. Nb6 Ra7 15. Re1 Qf6 16. Bd2 Bc7 17. Bb4 Rd8 18. Re2 Nd7 19. Nxd7 Rxd7 20. Re8+ Kh7 21. g4 Rd8 22. Rae1 Raa8 23. Rxd8 Bxd8 24. Qxf5+ Qxf5 25. gxf5 Bf6 26. Be7 1-0

[Event "December 19 Early 2023"]
[Site "https://www.chess.com"]
[Date "2023.12.19"]
[Round "3"]
[White "Sadykov, Ramil"]
[Black "Balla, Tamas-Kristof"]
[Result "1-0"]
[Board "125"]
[TimeControl "180+1"]
[WhiteFideId "24113590"]
[BlackFideId "1208497"]
[WhiteElo "2245"]
[BlackElo "2306"]
[WhiteTeam "FID"]
[BlackTeam "ROU"]
[WhiteClock "0:00:08"]
[BlackClock "0:00:09"]

1. d4 d5 2. Bf4 Nf6 3. Nc3 a6 4. e3 e6 5. g4 c5 6. g5 Nfd7 7. h4 Nc6 8. Nf3 Be7 9. h5 f6 10. Rg1 fxg5 11. Nxg5 Nf6 12. Bh3 cxd4 13. exd4 Qb6 14. Bxe6 Nxd4 15. Bf7+ Kf8 16. Be3 Bc5 17. Na4 Qa5+ 18. c3 Nf3+ 19. Qxf3 Bxe3 20. fxe3 Qxa4 21. h6 Qh4+ 22. Kd2 Qxh6 23. Be6 Ke7 24. Bxc8 Raxc8 25. Qf4 Rhe8 26. Raf1 Kf8 27. Kc1 Kg8 28. Kb1 Qg6+ 29. Ka1 Ne4 30. Nxe4 Qxe4 31. Qf7+ 1-0

[Event "December 19 Early 2023"]
[Site "https://www.chess.com"]
[Date "2023.12.19"]
[Round "3"]
[White "Dwilewicz, Katarzyna"]
[Black "Janaszak, Dawid"]
[Result "0-1"]
[Board "126"]
[TimeControl "180+1"]
[WhiteFideId "1148486"]
[BlackFideId "1119206"]
[WhiteElo "2098"]
[BlackElo "2218"]
[WhiteTeam "POL"]
[BlackTeam "POL"]
[WhiteClock "0:00:54"]
[BlackClock "0:00:55"]

1. e4 c5 2. c3 e5 3. Nf3 Nc6 4. d4 cxd4 5. cxd4 exd4 6. Nxd4 Nf6 7. Nc3 Bb4 8. Nxc6 bxc6 9. Bd3 O-O 10. O-O Re8 11. Qf3 h6 12. h3 d5 13. exd5 cxd5 14. Bf4 Bb7 15. Rad1 Qb6 16. Be3 d4 17. Bxd4 Bxf3 18. Bxb6 Bxd1 19. Bb5 axb6 20. Bxe8 Bxc3 21. Bc6 Rc8 22. Bb7 Rc7 23. Rxd1 Rxb7 24. bxc3 Ne4 25. c4 Nc3 26. Rd2 Ra7 27. Rb2 Ra6 28. a3 Kf8 29. f3 Ke7 30. Kf1 Kd6 31. Ke1 Kc5 32. Kd2 Rxa3 33. Rc2 Kxc4 34. g4 b5 35. Rb2 b4 0-1

[Event "December 19 Early 2023"]
[Site "https://www.chess.com"]
[Date "2023.12.19"]
[Round "3"]
[White "Kvaloy, Aksel Bu"]
[Black "Salinas Tomas, Daniel"]
[Result "0-1"]
[Board "127"]
[TimeControl "180+1"]
[WhiteFideId "1528815"]
[BlackFideId "24597716"]
[WhiteElo "2265"]
[BlackElo "2172"]
[WhiteTeam "NOR"]
[BlackTeam "ESP"]
[WhiteClock "0:01:00"]
[BlackClock "0:00:55"]

1. d4 d5 2. Nf3 Nf6 3. Bf4 e6 4. Nbd2 Bd6 5. Ne5 c5 6. e3 Nc6 7. c3 Qc7 8. Ndf3 Nd7 9. Bd3 Ncxe5 10. dxe5 Nxe5 11. Bxe5 Bxe5 12. O-O g6 13. Bb5+ Kf8 14. Re1 a6 15. Ba4 b5 16. Bc2 Bb7 17. e4 d4 18. cxd4 cxd4 19. Qd2 Kg7 20. Rad1 Rhd8 21. Bb3 Rac8 22. h4 h5 23. g3 a5 24. Ng5 Bf6 25. Nf3 a4 26. e5 Be7 27. Bxe6 fxe6 28. Nxd4 Rxd4 29. Qxd4 Qc6 30. f3 Bc5 0-1

[Event "December 19 Early 2023"]
[Site "https://www.chess.com"]
[Date "2023.12.19"]
[Round "3"]
[White "Thorfinnsson, Bragi"]
[Black "Ohler, Julius"]
[Result "1-0"]
[Board "128"]
[TimeControl "180+1"]
[WhiteFideId "2300958"]
[BlackFideId "16238982"]
[WhiteElo "2325"]
[BlackElo "2200"]
[WhiteTeam "ISL"]
[BlackTeam "GER"]
[WhiteClock "0:00:17"]
[BlackClock "0:00:07"]

1. d4 Nf6 2. Bf4 d5 3. e3 c5 4. c3 Nc6 5. Nd2 Bf5 6. Ngf3 e6 7. Ne5 Nxe5 8. Bxe5 Nd7 9. Bg3 Be7 10. Be2 O-O 11. O-O Qb6 12. Qc1 Rac8 13. a4 a6 14. a5 Qc6 15. Bd1 Bd3 16. Ba4 Bb5 17. Bxb5 Qxb5 18. Qc2 Bf6 19. Qb3 Qc6 20. f4 g6 21. Nf3 Bg7 22. Ne5 Nxe5 23. fxe5 c4 24. Qc2 b6 25. Bh4 bxa5 26. Qf2 Rb8 27. Be7 Rb7 28. Bxf8 Bxf8 29. Rxa5 Qb6 30. Ra2 a5 31. Rfa1 Bh6 32. Rxa5 Qxb2 33. Ra8+ Bf8 34. Qf6 Qxc3 35. Rxf8+ Kxf8 36. Ra8+ 1-0

[Event "December 19 Early 2023"]
[Site "https://www.chess.com"]
[Date "2023.12.19"]
[Round "3"]
[White "Goncalves, Davi Sulzbacher"]
[Black "Burovic, Rijad"]
[Result "0-1"]
[Board "129"]
[TimeControl "180+1"]
[WhiteFideId "2154510"]
[BlackFideId "14407701"]
[WhiteElo "2175"]
[BlackElo "2384"]
[WhiteTeam "BRA"]
[BlackTeam "BIH"]
[WhiteClock "0:00:30"]
[BlackClock "0:01:29"]

1. d4 d6 2. c4 e5 3. Nf3 e4 4. Nfd2 f5 5. Nc3 Nf6 6. e3 c6 7. Be2 d5 8. O-O Bd6 9. b3 h5 10. f4 Ng4 11. Bxg4 hxg4 12. g3 Be6 13. cxd5 cxd5 14. Nb5 Nc6 15. Ba3 Bb8 16. Rc1 g5 17. fxg5 Qxg5 18. Qe2 Kd7 19. Rc2 Rh3 20. Rf2 Bxg3 21. hxg3 Rxg3+ 22. Rg2 Rxe3 23. Qf2 Rh8 24. Nf1 Reh3 25. Rh2 g3 0-1

[Event "December 19 Early 2023"]
[Site "https://www.chess.com"]
[Date "2023.12.19"]
[Round "3"]
[White "Begunov, Konstantin"]
[Black "Hajiyev, Kanan"]
[Result "1-0"]
[Board "130"]
[TimeControl "180+1"]
[WhiteFideId "4118510"]
[BlackFideId "13404148"]
[WhiteElo "2082"]
[BlackElo "2102"]
[WhiteTeam "RUS"]
[BlackTeam "AZE"]
[WhiteClock "0:00:18"]
[BlackClock "0:00:37"]

1. d4 d5 2. c4 c6 3. Nc3 Nf6 4. cxd5 cxd5 5. Bf4 a6 6. e3 Nc6 7. Nf3 Bg4 8. h3 Bh5 9. g4 Bg6 10. Ne5 Nxe5 11. dxe5 Ne4 12. Qxd5 Nxc3 13. Qxd8+ Rxd8 14. bxc3 e6 15. f3 Ba3 16. Rd1 Ke7 17. e4 Bb2 18. Bg5+ f6 19. exf6+ gxf6 20. Rxd8 Rxd8 21. Bd2 Rc8 22. c4 Ba3 23. Bd3 e5 24. Ke2 Bf7 25. Rb1 Rc7 26. Bb4+ Bxb4 27. Rxb4 h6 28. Kd2 Be8 29. Rb6 Bc6 30. Kc3 Kd6 31. Be2 h5 32. Rb2 Ke7 33. Rd2 Ke6 34. Kb4 Rh7 35. Bd1 Rh8 36. Kc5 Rc8 37. Kb6 Rh8 38. c5 Ke7 39. Rd6 hxg4 40. hxg4 Rh1 41. Bb3 Rb1 42. Re6+ Kd7 43. Rxf6 Ba4 44. Kxb7 Bxb3 45. axb3 Rxb3+ 46. Kxa6 Kc7 47. g5 Rb1 48. g6 Rg1 49. Kb5 Rc1 50. Rf7+ Kd8 51. g7 Rb1+ 52. Kc6 Rg1 53. Rf8+ Ke7 54. g8=Q Rg6+ 55. Qxg6 Kxf8 56. Qh7 Ke8 57. Kd6 Kf8 58. Ke6 Ke8 59. Qe7# 1-0

[Event "December 19 Early 2023"]
[Site "https://www.chess.com"]
[Date "2023.12.19"]
[Round "3"]
[White "Miszler, Levente"]
[Black "Vlassov, Nikolai"]
[Result "1/2-1/2"]
[Board "131"]
[TimeControl "180+1"]
[WhiteFideId "763276"]
[BlackFideId "4103360"]
[WhiteElo "2186"]
[BlackElo "2351"]
[WhiteTeam "HUN"]
[BlackTeam "FID"]
[WhiteClock "0:00:30"]
[BlackClock "0:00:04"]

1. d4 Nf6 2. Nf3 e6 3. g3 b5 4. Bg2 Bb7 5. O-O c5 6. a4 b4 7. c3 Na6 8. dxc5 Bxc5 9. Bf4 O-O 10. Bd6 Bxd6 11. Qxd6 Ne4 12. Qd4 bxc3 13. Nxc3 Nxc3 14. Qxc3 Rc8 15. Qb3 Nc5 16. Qa3 a5 17. Rac1 Qb6 18. Ne5 Bxg2 19. Kxg2 f6 20. Nc4 Qc6+ 21. Kg1 Qxa4 22. Nxa5 Qxa3 23. bxa3 d5 24. Rc3 Ne4 25. Rxc8 Rxc8 26. Nb3 e5 27. Ra1 Rc3 28. Nc1 Nc5 29. Kf1 d4 30. Ke1 Kf7 31. Kd1 Ke6 32. a4 Kd7 33. a5 Kc7 34. a6 Kb8 35. a7+ Ka8 36. Ra2 Ne4 37. f3 Nd6 38. Ra5 Rc7 39. Rd5 Nc8 40. f4 Ne7 41. Ra5 Nc6 42. Rc5 Kxa7 43. fxe5 fxe5 44. Nd3 Kb6 45. Rd5 Re7 46. Kd2 e4 47. Nf4 e3+ 48. Kd3 Ra7 49. Ke4 Ra2 50. Kf3 Rd2 51. Rd7 g5 52. Nd5+ Kc5 53. Nf6 Kb5 54. Rd5+ Kc4 55. Rxg5 h6 56. Rh5 Nb4 57. Ne4 Nc2 58. Rc5+ Kb4 59. Rd5 Ne1+ 60. Kf4 Kc4 61. Rc5+ Kb4 62. Rd5 Nc2 63. Kf3 Ne1+ 64. Kf4 1/2-1/2